 Dungeon Crawl Stone Soup version 0.27-a0-988-g25969acef8 (webtiles) character file.

Game seed: 9583847222345685606

15 Lanoc the Ducker (level 2, 0/14 HPs)
             Began as a Felid Chaos Knight on Apr 15, 2021.
             Was a Plaything of Xom.
             Slain by a quokka (2 damage)
             ... on level 1 of the Dungeon.
             The game lasted 00:01:06 (899 turns).

Lanoc the Ducker (Felid Chaos Knight)                Turns: 899, Time: 00:01:07

Health: 0/14       AC:  1    Str:  8    XL:     2   Next: 34%
Magic:  3/3        EV: 18    Int: 13    God:    Xom [..*...]
Gold:   42         SH:  0    Dex: 15    Spells: 1/1 levels left
                                        Lives:  0   Deaths: 0

rFire    . . .     SeeInvis +     - Unarmed
rCold    . . .     Faith    .   (shield unavailable)
rNeg     . . .     Spirit   .   (armour unavailable)
rPois    .         Reflect  .   (helmet unavailable)
rElec    .         Harm     .   (cloak unavailable)
rCorr    .         Rampage  .   (gloves unavailable)
Will     .....                  (boots unavailable)
Stlth    ++........             (no amulet)
HPRegen  0.04/turn              (no ring)
MPRegen  0.08/turn              (no ring)

@: quick
A: very small, claws 1, fangs 3, see invisible, speed 1, shaggy fur 1, stealthy
paws, no weapons or thrown items, no armour, multi-lived
a: Renounce Religion


You were on level 1 of the Dungeon.
You worshipped Xom.
You were a toy of Xom.
You visited 1 branch of the dungeon, and saw 1 of its levels.

You collected 42 gold pieces.

Inventory:

Scrolls
 a - a scroll of identify {unknown}


   Skills:
 + Level 3.2 Fighting
 + Level 3.5 Dodging
 * Level 3.4 Unarmed Combat


You had one spell level left.
You didn't know any spells.
Your spell library was empty.

Dungeon Overview and Level Annotations

Branches:
Dungeon (1/15)

Altars:


Innate Abilities, Weirdness & Mutations

You have sharp claws.
You have razor-sharp teeth.
You have supernaturally acute eyesight. (SInv)
You cover ground quickly. (Speed+)
You are covered in fur. (AC +1)
Your stealthy paws help you sneak and pounce on unaware monsters.
You are incapable of wielding weapons or throwing items.
You cannot wear armour.
You gain extra lives every three experience levels.


Message History

The kobold is moderately wounded.
The kobold closely misses you.
You completely miss the kobold. Your bite misses the kobold.
The kobold is moderately wounded.
The kobold hits you with a +0 club.
You are too injured to fight recklessly!
You are too injured to fight recklessly!
You scratch the kobold.
You kill the kobold!
A quokka comes into view.
A quokka is nearby!
You are too injured to fight recklessly!
You are too injured to fight recklessly!
There is an open door here.
You start resting.
A quokka is nearby!
There is an open door here.
The quokka completely misses you.
You scratch the quokka but do no damage.
The quokka misses you.
You completely miss the quokka. The quokka bites you.
* * * LOW HITPOINT WARNING * * *
You are too injured to fight recklessly!
You are too injured to fight recklessly!
You are too injured to fight recklessly!
You scratch the quokka but do no damage.
Your bite misses the quokka. The quokka bites you.
* * * LOW HITPOINT WARNING * * *
There is an open door here.
You scratch the quokka.
The quokka is moderately wounded.
The quokka misses you.
You scratch the quokka. You bite the quokka, but do no damage.
The quokka is severely wounded.
The quokka barely misses you.
You barely miss the quokka.
The quokka is severely wounded.
The quokka bites you.
You die... "What!?
That's it?"

..###.#.##### #......# .## #...##
##.####.# ## ##...# #...# #.#
##+# # ##.## #.#.# #.# ##... ##
#.# #...# #.###.... .## ##.##
##..###.##.....
..####...###########......#......
..'.......................'....).
..###.......####@###...####......
.##.........# ##r..#.## ##.....
###.#.......# #⌠.8..## ##.... #
#.........#####..8.# ##...
###...>....#⌠#_#...# ##+# ###
#.......#...#∩#⌠#.# ..#
####.####.8..###..# #.# #.#
#..8.⌠# ### #.# #.# #.#...##


You could see a quokka.

Vanquished Creatures
  A dart slug (D:1)
  2 goblins (D:1)
  4 hobgoblins (D:1)
  A frilled lizard (D:1)
  2 kobolds (D:1)
  4 rats (D:1)
14 creatures vanquished.

Notes
Turn   | Place    | Note
-------+----------+-------------------------------------------
     0 | D:1      | Lanoc the Felid Chaos Knight began the quest for the Orb.
     0 | D:1      | Reached XP level 1. HP: 10/10 MP: 2/2
    58 | D:1      | XOM: butterfly on damage
   134 | D:1      | XOM: divination: detect creatures
   166 | D:1      | XOM: divination: detect items
   360 | D:1      | XOM: silly message
   410 | D:1      | Reached XP level 2. HP: 14/14 MP: 3/3
   735 | D:1      | XOM: noise
   787 | D:1      | Found a faded altar of an unknown god.
   899 | D:1      | Slain by a quokka

Illustrated notes

Levels and vault maps discovered:
D:1:      arrival_zaba_pyramid, layout_loops_corners,
          shapermc_ecumenical_altar_venn, serial_shops, nicolae_shop_waterfront

Action                   || total
-------------------------++-------
Melee: Unarmed           ||    53
       Bite              ||     3
 Stab: Sleeping          ||     2
Armor: Skin              ||     1
Dodge: Dodged            ||    37

Table legend: (Time is in decaauts)
 A = Elapsed time spent in this place.
 B = Non-inter-level travel time spent in this place.
 C = Inter-level travel time spent in this place.
 D = Time resting spent in this place.
 E = Time spent auto-exploring this place.
 F = Levels seen in this place.
 G = Mean time per level.
                   A        B        C        D        E       F      G
               +--------+--------+--------+--------+--------+-----+--------+
         Total |    789 |    789 |      0 |     17 |    656 |   1 |  789.0 |
       Dungeon |    789 |    789 |      0 |     17 |    656 |   1 |  789.0 |
               +--------+--------+--------+--------+--------+-----+--------+

Top non-repeatable levels by time:
     D:1: 789 daAuts
